AoeStats
← CCM | Zero

African Clearing

510917104Analyzed
3v3 RM · 21h ago on Oct 3, 2026· 37m 2s· 6 players
Game mode
Random Map
Map size
Normal (6 player)
Population
200
Speed
Normal
Resources
Standard
Victory
Conquest
Starting age
Dark Age
Ending age
Imperial Age
RankedLock teamsTeams togetherTeam positionsShared explorationLock speedFull tech treeHidden civsTurbo modeCheats
Victory
Defeat
🇲🇽 Huns · Mexico
1376
+13
🇺🇸 Varangians · United States
1311
+16
🇲🇽 Mapuche · Mexico
1285
+17
🇦🇷 Malians · Argentina
1319
-16
🇦🇷 Varangians · Argentina
1319
-16
🇦🇷 Inca · Argentina
1283
-14
AoG_Bronco
13:59 Loom
15:44 Feudal Age
16:54 Double-Bit Axe
18:02 Bloodlines
21:04 Castle Age
20:04 Padded Archer Armor
20:44 Stone Mining
26:04 Fletching
29:35 Forging
AoG_Lotsen
6:03 Loom
13:38 Feudal Age
14:41 Double-Bit Axe
19:35 Castle Age
20:36 Husbandry
20:46 Bloodlines
24:46 Elite Skirmisher
28:28 Ballistics
33:59 Horse Collar
34:14 Gold Mining
35:15 Bloodlines
35:04 Fletching
37:12 Wheelbarrow
36:22 Town Watch
AoG_Fernecito
3:21 Loom
13:37 Feudal Age
19:23 Castle Age
17:13 Double-Bit Axe
18:49 Stone Mining
21:17 Horse Collar
26:04 Bow Saw
26:44 Fletching
32:12 Bodkin Arrow
33:24 Murder Holes
TmZ_Jozuh
8:17 Loom
13:08 Feudal Age
14:33 Double-Bit Axe
18:05 Castle Age
16:01 Gold Mining
15:56 Horse Collar
17:58 Scale Barding Armor
18:56 Bloodlines
20:01 Bow Saw
22:43 Husbandry
28:00 Wheelbarrow
27:11 Town Watch
28:25 Chain Barding Armor
30:05 Forging
31:59 Vendel Legacy
34:58 Heavy Plow
38:21 Imperial Age
Marx
4:58 Loom
13:19 Feudal Age
18:03 Castle Age
19:00 Fletching
19:25 Double-Bit Axe
21:52 Bodkin Arrow
27:01 Bloodlines
27:13 Padded Archer Armor
29:03 Leather Archer Armor
29:26 Bow Saw
31:56 Wheelbarrow
36:17 Imperial Age
37:51 Parthian Tactics
CCM | Zero
10:41 Loom
13:05 Feudal Age
15:01 Town Watch
17:39 Castle Age
16:17 Double-Bit Axe
16:35 Scale Mail Armor
16:36 Horse Collar
18:20 Wheelbarrow
36:00 Imperial Age
33:48 Pikeman
35:16 Fletching
35:42 Chain Mail Armor
35:43 Town Patrol
35:52 Heavy Plow
35:43 Gold Mining
35:46 Stone Mining
Connection lost

Rejoining the realm…

Still unreachable

The connection could not be restored.

Session expired

The server has moved on; the page needs a fresh start.